[Event "Live Chess"]
[Site "Chess.com"]
[Date "2023.05.21"]
[Round "-"]
[White "ExIsambard"]
[Black "Tilbs_12"]
[Result "1-0"]
[WhiteElo "1936"]
[BlackElo "1566"]
[TimeControl "300"]
[EndTime "1:08:40 PDT"]
[Termination "ExIsambard won on time"]

1. d4 d5 2. Bg5 Nf6 3. e3 c5 4. c3 Bg4 5. Nf3 e6 6. Bd3 Nc6 7. h3 Bxf3 8. Qxf3 Be7 9. Nd2 cxd4 10. exd4 O-O 11. h4 h6 12. O-O-O e5 13. Bxf6 Bxf6 14. dxe5 Nxe5 15. Qg3 Nxd3+ 16. Qxd3 Rc8 17. Kb1 d4 18. c4 Re8 19. g4 Qd6 20. g5 Be5 21.
gxh6 g6 22. h5 Bf4 23. h7+ Kh8 24. hxg6 Qxg6 25. Qxg6 fxg6 26. Nf3 d3 27. Rxd3 Rxc4 28. Nh4 Rc6 29. Rd7 g5 30. Nf5 Rc7 31. Rhd1 Rf8 32. Nh6 Re8 33. Nf7+ Kxh7 34. Nxg5+ Kg6 35. Nf3 Rec8 36. Rg1+ Kf5 37. Rxc7 Rxc7 38. a3 a6 39. Rg8 Ke4 40. Nh4 Kd3 41. Rd8+ Ke2 42. f3 Bg3 43.
Re8+ Kf2 44. Nf5 Kxf3 45. Nd4+ Kg2 46. Rg8 Kh2 47. Nf3+ Kh3 48. Ng5+ Kh2 49. Rh8+ Kg2 50. Ne4 Kf3 51. Nd2+ Ke2 52. Nb3 Be5 53. Re8 Kf3 54. Rxe5 Rh7 55. Rd5 Kf4 56. Ka2 Ke4 57. Rd8 Ke5 58.
Nc5 Kf5 59. Rd7 Rxd7 60. Nxd7 Ke4 61. Nc5+ Kd5 62. Nxb7 Kc6 63. Nd8+ Kb5 64. Ne6 Kc6 65.
Nd4+ Kc5 66. Nc2 Kb5 67. Kb3 Kc6 68. a4 Kb6 69. Nb4 a5 70. Nd5+ 1-0

[Event "Live Chess"]
[Site "Chess.com"]
[Date "2023.05.21"]
[Round "-"]
[White "ranvir123"]
[Black "EdenHazard8"]
[Result "1-0"]
[WhiteElo "932"]
[BlackElo "1936"]
[TimeControl "300"]
[EndTime "1:09:02 PDT"]
[Termination "ranvir123 won by resignation"]

1. e4 e5 2. Nf3 Nc6 3. Bb5 a6 4.
Ba4 Nf6 5. O-O Be7 6. Nc3 b5 7. Bb3 O-O 8. d4 exd4 9. Nxd4 Bb7 10. Nxc6 Bxc6 11. Bg5 Re8 12. e5 Ng4 13. Bxe7 Qxe7 14. Qxg4 Qxe5 15. h3 Qf6 16. Rfe1 Re5 17. Rxe5 Qxe5 18.
Qg3 Qc5 19. Qxc7 Re8 20. Qf4 Re7 21. Qb8+ 1-0

[Event "Live Chess"]
[Site "Chess.com"]
[Date "2023.05.21"]
[Round "-"]
[White "swingrumbacha"]
[Black "SupremeTactician"]
[Result "1-0"]
[WhiteElo "2572"]
[BlackElo "2280"]
[TimeControl "300"]
[EndTime "1:09:29 PDT"]
[Termination "swingrumbacha won by resignation"]

1. d4 Nf6 2. c4 e6 3. Nc3 Bb4 4. e3 O-O 5. Bd3 c5 6. Nf3 cxd4 7. exd4 d5 8. O-O dxc4 9. Bxc4 Nc6 10. Bg5 h6 11. Bh4 Be7 12. Re1 Qb6 13. Qd2 Rd8 14.
Rad1 Qb4 15. Bb5 a6 16. a3 Qd6 17. Bxc6 bxc6 18. Ne5 c5 19. Bxf6 Bxf6 20. Ne4 Qd5 21. Nxf6+ gxf6 22. Qxh6 fxe5 23. Rd3 Qe4 24. Rxe4 f5 25. Qf6 Bb7 26. Rh4 1-0

[Event "Live Chess"]
[Site "Chess.com"]
[Date "2023.05.21"]
[Round "-"]
[White "KeithArkell"]
[Black "MaximKris"]
[Result "1-0"]
[WhiteElo "2523"]
[BlackElo "1819"]
[TimeControl "300"]
[EndTime "1:10:04 PDT"]
[Termination "KeithArkell won by checkmate"]

1. d4 d5 2. Nf3 Nf6 3. c4 e6 4.
cxd5 exd5 5. Nc3 Bf5 6. Bg5 c6 7. e3 h6 8. Bh4 Nbd7 9. Bd3 Bxd3 10. Qxd3 Bd6 11. Qf5 Qe7 12. O-O O-O-O 13. Bxf6 gxf6 14. Rfc1 Kb8 15. Rab1 Rhg8 16. a3 Qe6 17. Qxe6 fxe6 18. b4 e5 19. dxe5 fxe5 20. e4 d4 21. Na4 Nb6 22. Nc5 Bxc5 23. bxc5 Nd7 24. Kf1 Ka8 25. h3 Nf6 26. Re1 Rge8 27. Nh4 Nd7 28. Rbc1 Rc8 29. Nf5 b6 30. Nd6 Red8 31. Nxc8 Rxc8 32. cxb6 axb6 33. a4 c5 34. Ke2 c4 35. Red1 c3 36. Rc2 Rc4 37.
a5 b5 38. f4 b4 39. Kd3 Rc5 40. Rb1 Rb5 41. Kc4 Rxa5 42. fxe5 Nxe5+ 43. Kxd4 Nc6+ 44. Kc4 Re5 45. Re2 Kb7 46. Rxb4+ Nxb4 47. Kxb4 c2 48. Rxc2 Rxe4+ 49. Kc5 Re6 50. Kd5 Rg6 51.
g4 Rf6 52. Ke5 Rf3 53. h4 Rh3 54. h5 Rf3 55. Rc4 Rf1 56. Rf4 Ra1 57. Kf6 Ra6+ 58. Kg7 Kc7 59. Rf7+ Kd8 60. Rf6 Ra4 61. Rg6 Ke7 62.
Kxh6 Kf7 63. Kh7 Kf8 64. Rf6+ Ke7 65. g5 Rg4 66. Kg6 Ke8 67. h6 Rh4 68. h7 Ke7 69. Kg7 Rg4 70. h8=Q Rxg5+ 71. Rg6 Rxg6+ 72. Kxg6 Ke6 73.
Qd4 Ke7 74. Qd5 Kf8 75. Qd7 Kg8 76. Qd8# 1-0

[Event "Live Chess"]
[Site "Chess.com"]
[Date "2023.05.21"]
[Round "-"]
[White "blunderabit"]
[Black "Denz14"]
[Result "1-0"]
[WhiteElo "1819"]
[BlackElo "1036"]
[TimeControl "300"]
[EndTime "1:10:08 PDT"]
[Termination "blunderabit won by resignation"]

1. e4 e5 2. Nf3 Nf6 3. d4 d6 4.
dxe5 Nxe4 5. Nbd2 d5 6. Bd3 Bf5 7. Nxe4 dxe4 8. Bb5+ Nc6 9. Nd4 Bd7 10. Nxc6 bxc6 11.
Bc4 Be6 12. Bxe6 Qxd1+ 13. Kxd1 fxe6 14. Ke2 Rd8 15. Bf4 Bc5 16. Rhd1 O-O 17. Rxd8 Rxd8 18.
Be3 Bxe3 19. Kxe3 Kf7 20. Ke2 Kg6 21. g4 Kg5 22. Ke3 Kxg4 23. Rg1+ Kh3 24. Rxg7 Kxh2 25. Rxh7+ Kg2 26. Re7 Rf8 27. Rxe6 Rxf2 28. Rxc6 Rf4 29. Kxf4 1-0

[Event "Live Chess"]
[Site "Chess.com"]
[Date "2023.05.21"]
[Round "-"]
[White "maxwalden"]
[Black "TheSmoulderingMaster"]
[Result "1/2-1/2"]
[WhiteElo "1218"]
[BlackElo "1684"]
[TimeControl "300"]
[EndTime "1:10:18 PDT"]
[Termination "Game drawn by agreement"]

1. d3 Nf6 2. Bf4 d6 3. Nf3 g6 4.
e4 Bg7 5. Nc3 O-O 6. Be2 c5 7.
O-O Nc6 8. Nd5 e6 9. Nxf6+ Qxf6 10. Bxd6 Rd8 11. Bxc5 Qxb2 12. Rb1 Qxa2 13. d4 b6 14. Bb4 Ba6 15. Bxa6 Qxa6 16. Bd2 Nxd4 17. Nxd4 Rxd4 18.
Qc1 Rad8 19. Bh6 Rxe4 20. Bxg7 Kxg7 21. Qb2+ Kg8 22. Rfe1 Rxe1+ 23. Rxe1 Qc4 24. Qa1 Qxc2 25. Qxa7 b5 26. Qb6 Qd2 27. Rf1 b4 28. g3 Rd6 29.
Qb8+ Kg7 30. Rb1 Rd4 31. Qe5+ Kh6 32. Qf6 Rd7 33. Qh4+ Kg7 34. Qxb4 Qxb4 35. Rxb4 f5 36. Kg2 Kf6 37. h4 h6 38. Rb3 e5 39. Kf3 Rd6 40. g4 e4+ 41. Kf4 Rd2 42. g5+ hxg5+ 43.
hxg5+ Kf7 44. Ke3 Rd1 45. Rb7+ Kf8 46. Rb6 Rd3+ 47. Ke2 Kf7 48. Rb7+ Ke6 49. Rb6+ Ke5 50. Rxg6 f4 51. Rg8 f3+ 52. Ke1 Kf5 53. g6 Kf6 54.
Re8 Rd4 55. Rg8 Ra4 56. Kd2 Ra2+ 57. Ke3 Re2+ 58. Kf4 Rxf2 59. Kxe4 Rf1 60. Rf8+ Kxg6 61. Rxf3 Re1+ 62. Kf4 Re8 63. Rg3+ Kh5 64. Kf5 Rf8+ 65. Ke6 1/2-1/2

[Event "Live Chess"]
[Site "Chess.com"]
[Date "2023.05.21"]
[Round "-"]
[White "Mugzwang"]
[Black "AttackingSnowLeopard"]
[Result "0-1"]
[WhiteElo "1531"]
[BlackElo "2202"]
[TimeControl "300"]
[EndTime "1:10:48 PDT"]
[Termination "AttackingSnowLeopard won by resignation"]

1. Nf3 d5 2. c4 Nf6 3. g3 c6 4.
Bg2 Bg4 5. O-O Nbd7 6. b3 e6 7. Bb2 Be7 8. Nc3 O-O 9. cxd5 exd5 10. d3 Re8 11. Qc2 Bf8 12. e4 dxe4 13. dxe4 Nc5 14. Rad1 Qc7 15. b4 Ncxe4 16. Nb5 Qb6 17. Nd6 Bxd6 18.
Bxf6 Nxf6 19. Rxd6 Qxb4 20. Rd4 Qe7 21. Re1 Qxe1+ 22.
Nxe1 Rxe1+ 23. Bf1 Bh3 24. Rd1 Rxf1+ 25. Rxf1 Bxf1 26.
Kxf1 Nd5 27. Qb3 b6 28. Qc4 Rc8 29. Qa6 Rc7 30. Qe2 g6 31. Qe8+ Kg7 32. Qe5+ f6 33. Qe8 b5 34. Ke2 Re7+ 35. Qxe7+ Nxe7 0-1

[Event "Live Chess"]
[Site "Chess.com"]
[Date "2023.05.21"]
[Round "-"]
[White "MJMykh"]
[Black "LiamClery2020"]
[Result "0-1"]
[WhiteElo "1110"]
[BlackElo "2026"]
[TimeControl "300"]
[EndTime "1:10:54 PDT"]
[Termination "LiamClery2020 won by checkmate"]

1. e4 Nf6 2. Nc3 e5 3. Nf3 Nc6 4. Bc4 Nxe4 5. Nxe4 d5 6. Bd3 dxe4 7. Bxe4 Bd6 8. Bxc6+ bxc6 9. O-O O-O 10. h3 e4 11. Ne1 Re8 12. d3 exd3 13. Nxd3 Qf6 14. Re1 Ba6 15. Rxe8+ Rxe8 16. a3 Bxd3 17. cxd3 Bc5 18.
Qf1 Qxf2+ 19. Qxf2 Re1+ 20. Kh2 Bxf2 21. Rb1 Be3 22.
Bxe3 Rxb1 23. Bxa7 Rxb2 24. a4 Ra2 25. Bb8 Rxa4 26.
Bxc7 Rd4 27. Be5 Rxd3 28. Bf4 c5 29. Kg1 c4 30. Kf2 c3 31. Ke2 Rd4 32. Be3 Rd7 33. g4 c2 34. h4 Re7 35. Kd2 Rxe3 36. Kxc2 Re4 37. g5 Rxh4 38. g6 hxg6 39. Kd3 Rf4 40. Ke2 Rf6 41. Ke3 g5 42. Ke2 g4 43. Ke1 g3 44. Ke2 g2 45. Ke3 g1=Q+ 46. Ke2 Re6+ 47.
Kd3 Qe3+ 48. Kc4 Rc6+ 49. Kb5 Qc5+ 50. Ka4 Ra6+ 51. Kb3 Ra3+ 52. Kb2 Qc3+ 53. Kb1 Ra1# 0-1

[Event "Live Chess"]
[Site "Chess.com"]
[Date "2023.05.21"]
[Round "-"]
[White "whitedjohn"]
[Black "LGC4YOU"]
[Result "1-0"]
[WhiteElo "1640"]
[BlackElo "1184"]
[TimeControl "300"]
[EndTime "1:10:56 PDT"]
[Termination "whitedjohn won by checkmate"]

1. e4 c5 2. Nf3 Nc6 3. d4 cxd4 4. Nxd4 e6 5. Nc3 g6 6. Ndb5 a6 7. Nd6+ Bxd6 8. Qxd6 Qe7 9. Qxe7+ Ngxe7 10. Bg5 O-O 11. O-O-O d5 12. Bxe7 Nxe7 13. exd5 exd5 14. Nxd5 Nxd5 15.
Rxd5 Be6 16. Rd6 Bxa2 17. b3 a5 18. Kb2 a4 19. Kxa2 axb3+ 20. Kxb3 b5 21. Bxb5 Rfb8 22. c4 Kg7 23. Rhd1 h5 24. Rd7 Rf8 25. Re7 Rad8 26. Rxd8 Rxd8 27. Re2 Kh6 28. Kb4 f5 29. c5 g5 30. c6 g4 31. Kc5 f4 32. c7 Rc8 33.
Kc6 f3 34. gxf3 gxf3 35. Re3 Rg8 36. Rxf3 Rg2 37. h3 Rg1 38. c8=Q Rc1+ 39. Kb7 Rxc8 40. Kxc8 Kg5 41. Rg3+ Kf4 42. Kd7 h4 43. Ra3 Ke4 44.
Ke6 Kd4 45. Ra4+ Kc5 46. Rxh4 Kxb5 47. Kd5 Kb6 48. Rc4 Kb7 49. Rc6 Kb8 50. Kc5 Kb7 51. Kb5 Kb8 52. Kb6 Ka8 53. Rc8# 1-0

[Event "Live Chess"]
[Site "Chess.com"]
[Date "2023.05.21"]
[Round "-"]
[White "Singapourfeuj"]
[Black "Rusty_Bridges"]
[Result "1-0"]
[WhiteElo "2183"]
[BlackElo "1528"]
[TimeControl "300"]
[EndTime "1:11:11 PDT"]
[Termination "Singapourfeuj won by resignation"]

1. d4 g6 2. h4 Bg7 3. h5 Nf6 4.
h6 Bf8 5. Nc3 d5 6. Bg5 Nbd7 7.
f3 b6 8. e4 dxe4 9. fxe4 Bb7 10.
Bd3 c5 11. d5 Qc7 12. Nge2 Ne5 13. Bxf6 exf6 14. Bb5+ Nd7 15. O-O a6 16. Bxd7+ Qxd7 17. Rxf6 Bxh6 18. e5 Be3+ 19. Kf1 O-O-O 20. Qd3 Bg5 21.
Rxb6 h5 22. Rd1 h4 23. e6 fxe6 24. dxe6 Qe7 25. Qxg6 Rdg8 26. Qd3 h3 27. Qd7+ Qxd7 28. exd7+ Kb8 29. gxh3 Bd8 30. Rxb7+ Kxb7 31. Nf4 Rf8 32. Ne2 Rxh3 33. Kg2 Rh7 34. Rd5 Kc6 35. c4 Rxd7 36. Rxd7 Kxd7 37. Kf3 Bc7 38. Ke4 Kc6 39. b3 a5 40. Nd5 Re8+ 41. Kd3 Be5 42. a4 Bd4 43. Nxd4+ cxd4 44. Kxd4 Rb8 45. Kc3 Kc5 46. Nc7 Rb7 47.
Ne6+ Kd6 48. Nd4 Kc5 49. Ne6+ Kd6 50. Nf4 Kc5 51. Nd3+ Kd6 52. Nb2 Rh7 53. Nd3 Rh3 54. Kd4 Rh4+ 55. Kc3 Kc6 56. c5 Rh3 57. Kc4 Rxd3 58.
Kxd3 Kxc5 59. Kc3 Kb6 60. Kd4 Kc6 61. Kc4 Kb6 62. Kd5 Ka6 63. Kc5 Kb7 64. Kb5 Ka7 65. Kxa5 1-0

[Event "Live Chess"]
[Site "Chess.com"]
[Date "2023.05.21"]
[Round "-"]
[White "ProfPoisson"]
[Black "SiDebanks"]
[Result "0-1"]
[WhiteElo "1181"]
[BlackElo "1345"]
[TimeControl "300"]
[EndTime "1:11:12 PDT"]
[Termination "SiDebanks won by resignation"]

1. e4 c6 2. d4 d5 3. exd5 cxd5 4. c4 Nc6 5. Nf3 Bg4 6. Be2 dxc4 7. O-O Bxf3 8. Bxf3 Nf6 9. Bxc6+ bxc6 10. Nc3 e6 11. Re1 Be7 12. Ne4 O-O 13. Nxf6+ Bxf6 14. Rb1 Qxd4 15.
Be3 Qxd1 16. Rexd1 Rfb8 17. Bd4 Bxd4 18. Rxd4 c3 19. b3 c2 20. Rc1 Rd8 21. Rxd8+ Rxd8 22. Kf1 Rd1+ 0-1

[Event "Live Chess"]
[Site "Chess.com"]
[Date "2023.05.21"]
[Round "-"]
[White "chessfiction"]
[Black "BillythekidFellowes"]
[Result "1/2-1/2"]
[WhiteElo "2347"]
[BlackElo "2035"]
[TimeControl "300"]
[EndTime "1:11:30 PDT"]
[Termination "Game drawn - insufficient material"]

1. e4 d6 2. d4 c5 3. c3 cxd4 4. Nf3 g6 5. Qxd4 Nf6 6. e5 dxe5 7. Qxd8+ Kxd8 8. Nxe5 Be6 9. Bf4 Bg7 10. Na3 Nbd7 11. O-O-O Kc8 12. Bb5 Nxe5 13. Bxe5 a6 14. Bc4 b5 15.
Bxe6+ fxe6 16. Rhe1 Ra7 17. Nc2 Rd7 18. Nb4 a5 19.
Nc6 a4 20. Nd4 Bh6+ 21. f4 Rhd8 22. Kc2 Ng4 23. h3 Nxe5 24. Rxe5 Bxf4 25. Rxb5 e5 26. Rc5+ Kb7 27. Rf1 g5 28. Nf3 e4 29.
Nd4 e5 30. Rxf4 gxf4 31. Rxe5 e3 32. Re4 Rg7 33. Kd3 Rxg2 34. Rxf4 Rxb2 35. Kxe3 Rxa2 36. Rf7+ Kb6 37. Rxh7 a3 38. Rh6+ Ka5 39. Nc6+ Kb5 40. Nxd8 Rc2 41. Rh5+ Ka4 42. Rh7 a2 43. Ra7+ Kb3 44.
Ne6 Rxc3+ 45. Kd2 Rxh3 46. Nd4+ Kc4 47. Ra4+ Kd5 48. Ne2 a1=Q 49. Rxa1 Rh8 50. Ra5+ Kc4 51. Ra4+ Kd5 52. Nc3+ Kc5 53. Re4 Rh2+ 54. Ne2 Kd5 55.
Rg4 Ke5 56. Ke3 Rh3+ 57. Ng3 Kd5 58. Kf4 Rh8 59. Rg5+ Kd4 60. Nf5+ Kd3 61. Rg7 Ra8 62.
Rd7+ Kc4 63. Ne3+ Kc5 64. Ke4 Ra4+ 65. Ke5 Ra3 66. Rc7+ Kb6 67. Nd5+ Kb5 68. Kd6 Ra6+ 69.
Ke5 Ra3 70. Rb7+ Kc4 71. Rc7+ Kd3 72. Rd7 Ra5 73. Kd6 Kd4 74. Nb6 Ra6 75. Kc6+ Ke5 76. Rg7 Ra1 77. Rg5+ Kf4 78. Rg2 Rc1+ 79. Kb7 Kf3 80.
Rg7 Ke4 81. Re7+ Kf5 82. Rd7 Ke6 83. Rd2 Rf1 84. Re2+ Kf5 85. Rc2 Ke4 86. Rc5 Kd3 87. Kc6 Rf6+ 88. Kb5 Rf4 89. Nd5 Rd4 90. Nb4+ Ke3 91.
Rc3+ Ke4 92. Rc5 Kf4 93. Nc6 Re4 94. Rd5 Kg4 95. Kc5 Rf4 96. Nd4 Re4 97. Ne6 Rxe6 98. Rd4+ Kg5 99. Rd5+ Kg6 100. Rd4 Rf6 101. Kc4 Rf5 102. Rd5 Kg5 103. Rd4 Rf4 104. Kd5 Rxd4+ 105. Kxd4 1/2-1/2

[Event "Live Chess"]
[Site "Chess.com"]
[Date "2023.05.21"]
[Round "-"]
[White "WelshTiger"]
[Black "RamsayFlayer"]
[Result "1-0"]
[WhiteElo "2362"]
[BlackElo "1968"]
[TimeControl "300"]
[EndTime "1:11:31 PDT"]
[Termination "WelshTiger won by checkmate"]

1. e4 e5 2. Nf3 Nc6 3. d4 exd4 4. Bc4 Bb4+ 5. c3 dxc3 6. Nxc3 Nf6 7. O-O O-O 8. e5 d5 9. Nxd5 Nxd5 10. Bxd5 Ne7 11. Bxf7+ Kxf7 12. Qb3+ Nd5 13. Rd1 Be6 14. Ng5+ Ke7 15. Nxe6 Kxe6 16. f4 c6 17. Qh3+ Kf7 18. Qxh7 Qb6+ 19. Kh1 Rh8 20. Qf5+ Kg8 21. Qe6+ Kf8 22.
Qf5+ Kg8 23. a3 Be7 24. Qe6+ Kf8 25. f5 Qf2 26. Bd2 Qg3 27. h3 Nf4 28. Bxf4 Qxf4 29. f6 gxf6 30. exf6 Bd8 31. Rxd8+ Rxd8 32. Qe7+ Kg8 33.
Qg7# 1-0

[Event "Live Chess"]
[Site "Chess.com"]
[Date "2023.05.21"]
[Round "-"]
[White "booktrunk"]
[Black "Woodpusher500"]
[Result "1-0"]
[WhiteElo "1294"]
[BlackElo "1185"]
[TimeControl "300"]
[EndTime "1:11:40 PDT"]
[Termination "booktrunk won on time"]

1. d4 c5 2. dxc5 e6 3. Be3 Nf6 4. Nf3 Ng4 5. Bd4 Nc6 6. h3 Nxd4 7. Qxd4 Nf6 8. e3 d5 9. cxd6 Bxd6 10. Bb5+ Bd7 11. Bxd7+ Qxd7 12. Ne5 Bxe5 13. Qxe5 Rd8 14. O-O O-O 15. c3 Qd5 16. Qxd5 Rxd5 17. Na3 Rfd8 18. Nc4 Ne4 19. Kh2 Rc8 20. Na3 Rd2 21. f3 Nf6 22. Rab1 Re2 23. Kg3 Nh5+ 24. Kg4 g6 25. Rg1 f5+ 26.
Kg5 Kg7 27. g4 h6+ 28. Kh4 Nf6 29. gxf5 exf5 30. e4 f4 31. e5 g5+ 32. Rxg5+ hxg5+ 33. Kxg5 Rg2+ 34. Kxf4 Rc7 35. exf6+ Kxf6 36. b3 1-0

[Event "Live Chess"]
[Site "Chess.com"]
[Date "2023.05.21"]
[Round "-"]
[White "Vitalii18a"]
[Black "matt1979"]
[Result "0-1"]
[WhiteElo "1104"]
[BlackElo "1541"]
[TimeControl "300"]
[EndTime "1:11:42 PDT"]
[Termination "matt1979 won by checkmate"]

1. e4 d6 2. Nf3 Nf6 3. Bd3 e5 4. c3 Bg4 5. h3 Bh5 6. O-O Be7 7. g4 Bg6 8. Bc2 Bxe4 9. Bxe4 Nxe4 10. Re1 Nc5 11.
d4 Ncd7 12. dxe5 dxe5 13. Nxe5 O-O 14. Nxd7 Nxd7 15. b3 Bf6 16. Bb2 c6 17. Na3 Qc7 18. Rb1 Rad8 19. c4 Bxb2 20. Rxb2 Nc5 21. Rd2 Rxd2 22.
Qxd2 Rd8 23. Qg5 Ne6 24. Qf5 Rd2 25. Nc2 Qd6 26. Nb4 Qxb4 27. Rxe6 fxe6 28. Qxe6+ Kf8 29. Qf5+ Ke8 30. Qxh7 Qe7 31. Qg8+ Kd7 32. Qh7 Qe1+ 33. Kg2 Qxf2+ 34. Kh1 Qe1# 0-1

[Event "Live Chess"]
[Site "Chess.com"]
[Date "2023.05.21"]
[Round "-"]
[White "EPotapov05"]
[Black "friarnator"]
[Result "0-1"]
[WhiteElo "1388"]
[BlackElo "1995"]
[TimeControl "300"]
[EndTime "1:11:46 PDT"]
[Termination "friarnator won by resignation"]

1. d4 Nf6 2. c4 e5 3. dxe5 Ng4 4. Bf4 Nc6 5. Nf3 Bb4+ 6. Nbd2 Qe7 7. e3 Ngxe5 8.
Nxe5 Nxe5 9. Be2 d6 10. O-O Bxd2 11. Qxd2 O-O 12. Rac1 f6 13. b4 Be6 14. c5 d5 15.
a3 c6 16. Rfd1 g5 17. Bg3 Ng6 18. Bd6 Qf7 19. Bxf8 Rxf8 20. Bh5 Qe7 21. Bxg6 hxg6 22. Re1 f5 23. Qd4 Kf7 24. f4 g4 25. g3 Rg8 26.
Qe5 Qf6 27. Qxf6+ Kxf6 28. Rcd1 Bf7 29. Rd4 Re8 30. Kf2 Rh8 31. Rh1 Be6 32. Kg2 Rh3 33. a4 a6 34. Rb1 Bd7 35. b5 cxb5 36. axb5 Bxb5 37. Rxd5 Bc6 38. Rd1 Rh7 39. Kg1 Bxd5 40. Rxd5 Rc7 41. Rd6+ Ke7 42. Rb6 a5 43. c6 bxc6 44. Ra6 c5 45. Rxa5 c4 46. Ra2 c3 47.
Rc2 Kd6 48. Kf2 Kd5 49. Ke2 Kc4 50. Kd1 Rd7+ 51. Kc1 Ra7 52. Kd1 Ra1+ 53. Ke2 Kb3 0-1

[Event "Live Chess"]
[Site "Chess.com"]
[Date "2023.05.21"]
[Round "-"]
[White "BritishIsles"]
[Black "defenderalist"]
[Result "1-0"]
[WhiteElo "2414"]
[BlackElo "1639"]
[TimeControl "300"]
[EndTime "1:12:03 PDT"]
[Termination "BritishIsles won by resignation"]

1. d4 e6 2. c4 Nf6 3. Nc3 d5 4. Bg5 Be7 5. e3 h6 6. Bxf6 Bxf6 7. Nf3 dxc4 8. Bxc4 O-O 9. Qd2 b6 10. O-O-O Bb7 11.
h4 a5 12. Rhg1 Nd7 13. e4 c5 14. d5 Bxc3 15. Qxc3 exd5 16. Bxd5 Qc7 17. g3 Nf6 18.
Rge1 Rad8 19. Bxb7 Qxb7 20. e5 Rxd1+ 21. Rxd1 Ne4 22.
Qe3 c4 23. Rd4 f5 24. Rxc4 b5 25. Rc2 b4 26. Nd4 a4 27. Qd3 Nxf2 28. Rxf2 b3 29.
axb3 axb3 30. Qxb3+ 1-0

[Event "Live Chess"]
[Site "Chess.com"]
[Date "2023.05.21"]
[Round "-"]
[White "Delacorta"]
[Black "Crowded_House"]
[Result "1-0"]
[WhiteElo "1440"]
[BlackElo "1657"]
[TimeControl "300"]
[EndTime "1:12:08 PDT"]
[Termination "Delacorta won by resignation"]

1. d4 e6 2. Nf3 d5 3. e3 c5 4. Bd3 Nc6 5. b3 Qb6 6. Bb2 cxd4 7. exd4 Nf6 8. Nbd2 Bd7 9. Ne5 Nxd4 10. O-O Bd6 11. Nxd7 Nxd7 12. Qg4 Nf5 13. Bxf5 exf5 14. Qxf5 Nf6 15.
Rae1+ Kf8 16. Bxf6 gxf6 17. g3 Qd4 18. Nf3 Qc5 19.
Qxf6 Rg8 20. Qh6+ Rg7 21. Nh4 Kg8 22. Nf5 Rg6 23. Qh3 Qc7 24. Rd1 Qc6 25. Nxd6 Qxd6 26.
Qh5 Rd8 27. Rd3 Rh6 28. Qd1 Rh5 29. Qxh5 Rd7 30. Rfd1 Qe6 31. Rxd5 Rxd5 32. Qxd5 Qe7 33. Qd8+ Qxd8 34. Rxd8+ 1-0

[Event "Live Chess"]
[Site "Chess.com"]
[Date "2023.05.21"]
[Round "-"]
[White "YrrriKharkiv"]
[Black "Leonid_Starozhilov"]
[Result "0-1"]
[WhiteElo "2078"]
[BlackElo "2661"]
[TimeControl "300"]
[EndTime "1:12:18 PDT"]
[Termination "Leonid_Starozhilov won by checkmate"]

1. d4 Nf6 2. Bg5 c5 3. Bxf6 gxf6 4. Nf3 d5 5. c3 e6 6. e3 Qb6 7. Qb3 Nc6 8. Qxb6 axb6 9. Nbd2 f5 10. Bb5 Bd7 11. O-O Bd6 12. a3 c4 13. Bxc4 dxc4 14. Nxc4 Bc7 15. Rfd1 b5 16. Ncd2 Na5 17. b4 Nc4 18.
Nxc4 bxc4 19. d5 Ke7 20. dxe6 fxe6 21. Nd4 Ba4 22. Re1 Bb6 23. f4 Bxd4 24. exd4 Bc6 25. Kf2 Ra4 26. Re5 Rha8 27. Rae1 Be4 28. d5 Rxa3 29. Rxe6+ Kf7 30. Ke3 Rxc3+ 31. Kd4 Rd3+ 32. Ke5 Rxd5# 0-1

[Event "Live Chess"]
[Site "Chess.com"]
[Date "2023.05.21"]
[Round "-"]
[White "wadsy27"]
[Black "HoarseyHorsey"]
[Result "1-0"]
[WhiteElo "2573"]
[BlackElo "1467"]
[TimeControl "300"]
[EndTime "1:12:18 PDT"]
[Termination "wadsy27 won by resignation"]

1. c4 Nf6 2. g3 d5 3. Bg2 e6 4.
Nf3 c6 5. O-O Nbd7 6. b3 Be7 7.
Bb2 O-O 8. d4 c5 9. cxd5 exd5 10.
dxc5 Bxc5 11. Nc3 Nb6 12. Rc1 Be6 13. Nb5 Be7 14. a4 a6 15. Nbd4 Rc8 16. Qd3 Bc5 17. Rc2 Qe7 18. Rfc1 Rc7 19. Nxe6 fxe6 20. Be5 Rcc8 21.
e3 Nbd7 22. Bd4 Qd6 23. b4 Bxd4 24. Rxc8 Rxc8 25. Rxc8+ Kf7 26. exd4 1-0

[Event "Live Chess"]
[Site "Chess.com"]
[Date "2023.05.21"]
[Round "-"]
[White "CheckThis4"]
[Black "Salpingidis"]
[Result "1-0"]
[WhiteElo "2488"]
[BlackElo "2219"]
[TimeControl "300"]
[EndTime "1:12:27 PDT"]
[Termination "CheckThis4 won by resignation"]

1. d4 e6 2. e4 d5 3. e5 c5 4. c3 Nc6 5. Nf3 Qb6 6. Bd3 cxd4 7. cxd4 Bd7 8. O-O Nxd4 9. Nbd2 Nc6 10. Nb3 Nb4 11. Be3 Qd8 12. Be2 Rc8 13. Nfd4 Ne7 14.
f4 Nec6 15. f5 Nxd4 16. Nxd4 Bc5 17. Kh1 Bxd4 18. Bxd4 Nc2 19. Rc1 Nxd4 20. Qxd4 exf5 21. e6 fxe6 22. Qxg7 1-0

[Event "Live Chess"]
[Site "Chess.com"]
[Date "2023.05.21"]
[Round "-"]
[White "JohanKjeldahl"]
[Black "Hacker_2009"]
[Result "0-1"]
[WhiteElo "1902"]
[BlackElo "1918"]
[TimeControl "300"]
[EndTime "1:12:33 PDT"]
[Termination "Hacker_2009 won by resignation"]

1. c4 Nf6 2. Nc3 e6 3. e4 c5 4. e5 Ng8 5. d4 cxd4 6. Qxd4 Nc6 7. Qe4 Qc7 8. Nf3 d6 9. Bf4 dxe5 10. Nxe5 Nf6 11.
Qe2 Qb6 12. O-O-O Be7 13. g4 O-O 14. g5 Ne8 15. h4 Nxe5 16. Bxe5 Qc6 17. Bh3 b6 18. f4 Bb7 19. Rhg1 Nd6 20. Bg2 Qc7 21. Bxd6 Bxd6 22. Bxb7 Bxf4+ 23. Kb1 Qxb7 24. Ne4 Rfd8 25. Rxd8+ Rxd8 26. h5 Qd7 27. g6 fxg6 28. hxg6 Qd3+ 29. Qxd3 Rxd3 30. gxh7+ Kxh7 31. Rf1 e5 32. c5 bxc5 33.
Nxc5 Rd6 34. Ne4 Rb6 35. Kc2 g5 36. b3 Kg6 37. Kd3 Kf5 38. Nc5 Rd6+ 39. Kc4 g4 40. a4 g3 41. Nd3 Kg4 42. b4 g2 43.
Rg1 Kg3 44. Ne1 Rd2 45. Kc3 Kh2 0-1

[Event "Live Chess"]
[Site "Chess.com"]
[Date "2023.05.21"]
[Round "-"]
[White "Rusty_Bridges"]
[Black "chessfiction"]
[Result "0-1"]
[WhiteElo "1528"]
[BlackElo "2347"]
[TimeControl "300"]
[EndTime "1:12:34 PDT"]
[Termination "chessfiction won by resignation"]

1. e4 e5 2. f4 d5 3. exd5 exf4 4.
Nf3 g5 5. Nc3 g4 6. Ne5 Qh4+ 7.
Ke2 Bd6 8. Nxf7 Kxf7 9. Ne4 Nf6 10. d3 Re8 11. Kd2 Rxe4 12. dxe4 Nxe4+ 13. Kd3 Nf2+ 0-1

[Event "Live Chess"]
[Site "Chess.com"]
[Date "2023.05.21"]
[Round "-"]
[White "ChessClubLive"]
[Black "JoshMcK"]
[Result "1-0"]
[WhiteElo "1786"]
[BlackElo "1535"]
[TimeControl "300"]
[EndTime "1:13:22 PDT"]
[Termination "ChessClubLive won by resignation"]

1. e4 c6 2. f4 d5 3. exd5 cxd5 4. Nf3 Bg4 5. Be2 e6 6. O-O Nc6 7. Ne5 Bxe2 8. Qxe2 Nxe5 9. fxe5 Bc5+ 10. Kh1 Ne7 11. c3 O-O 12. d4 Bb6 13. Rf3 Nf5 14. Bd2 Bxd4 15. Rxf5 Bxc3 16. Nxc3 exf5 17. Rf1 g6 18.
Bh6 Re8 19. g4 d4 20. Nb5 Qd5+ 21. Qf3 Qxb5 22. gxf5 Rxe5 23. fxg6 Qd5 24. Qxd5 Rxd5 25. gxf7+ Kh8 26. f8=Q+ 1-0

[Event "Live Chess"]
[Site "Chess.com"]
[Date "2023.05.21"]
[Round "-"]
[White "Ocelot32"]
[Black "Ian-Morley"]
[Result "0-1"]
[WhiteElo "1365"]
[BlackElo "1067"]
[TimeControl "300"]
[EndTime "1:13:26 PDT"]
[Termination "Ian-Morley won by checkmate"]

1. e4 e5 2. Nf3 Nc6 3. Bb5 a6 4. Ba4 b5 5. Bb3 Qe7 6. c3 a5 7.
O-O a4 8. Bc2 Bb7 9. d4 exd4 10.
cxd4 f6 11. Re1 O-O-O 12. e5 fxe5 13. dxe5 d5 14. Nc3 d4 15. Nxb5 Nb4 16. Bxa4 Nd3 17. Qxd3 Qb4 18. b3 Ba6 19. Bd2 Bxb5 20. Qf5+ Bd7 21.
Qxd7+ Rxd7 22. Bxb4 Bxb4 23. e6 Bxe1 24. Bxd7+ Kd8 25. Rxe1 Ne7 26. Ne5 Rf8 27. Nc6+ Nxc6 28. Bxc6 Ke7 29. a4 d3 30. Bd7 Rb8 31. b4 Rxb4 32. Rd1 d2 33. g3 Rb2 34. a5 Rc2 35. Kg2 Ra2 36. a6 c5 37. a7 Rxa7 38. Rxd2 c4 39.
Rc2 Rc7 40. h4 h6 41. g4 g5 42. hxg5 hxg5 43. Kg3 c3 44. f4 gxf4+ 45. Kxf4 Rc4+ 46.
Kf5 Rc5+ 47. Kg6 Rd5 48. g5 Rd3 49. Kg7 Rd2 50. Rxc3 Rh2 51. Rg3 Ra2 52. g6 Rf2 53. Kh6 Kf6 54. g7 Rh2+ 55. Rh3 Rxh3# 0-1

[Event "Live Chess"]
[Site "Chess.com"]
[Date "2023.05.21"]
[Round "-"]
[White "LGC4YOU"]
[Black "Denz14"]
[Result "1-0"]
[WhiteElo "1189"]
[BlackElo "1031"]
[TimeControl "300"]
[EndTime "1:13:26 PDT"]
[Termination "LGC4YOU won by resignation"]

1. d4 Nf6 2. Nf3 g6 3. Bf4 Bg7 4. e3 d6 5. c4 O-O 6. Nc3 Nc6 7. Bd3 Nb4 8. O-O Nxd3 9. Qxd3 e5 10. Bg5 Qe8 11.
dxe5 dxe5 12. e4 Bg4 13. h3 Be6 14. b3 Rd8 15. Qe3 Bh6 16. Bxh6 1-0